 Dungeon Crawl Stone Soup version 0.30.0-10-gfe55d96785 (webtiles) character file.

Game seed: 14214609418795284821

3381 Farfigtubin the Cleaver (level 10, -2/82 HPs)
             Began as a Formicid Fighter on May 13, 2023.
             Was a Believer of Qazlal.
             Killed from afar by a steam dragon (16 damage)
             ... with a ball of steam
             ... on level 8 of the Dungeon.
             The game lasted 00:29:01 (7333 turns).

Farfigtubin the Cleaver (Formicid Fighter)          Turns: 7333, Time: 00:29:02

Health: -2/82      AC: 11    Str: 32    XL:     10   Next: 23%
Magic:  12/12      EV:  9    Int:  7    God:    Qazlal [**....]
Gold:   239        SH:  7    Dex: 13    Spells: 9/9 levels left

rFire   . . .        z - +2 war axe (venom)
rCold   . . .        c - +0 buckler
rNeg    . . .        y - +0 chain mail
rPois   .            (helmet unavailable)
rElec   .            (no cloak)
rCorr   +            C - +0 pair of gloves
SInv    +            (no boots)
Will    +....        (no amulet) Stlth
                     b - +6 ring of strength
HPRegen 0.33/turn    F - ring of resist corrosion
MPRegen 0.13/turn

%: no passive effects
@: no status effects
A: permanent stasis, dig shafts and tunnels, antennae 3, four strong arms
a: Dig, Shaft Self, Renounce Religion, Upheaval


You were on level 8 of the Dungeon.
You worshipped Qazlal.
Qazlal was pleased with you.
You visited 2 branches of the dungeon, and saw 9 of its levels.

You collected 449 gold pieces.
You spent 210 gold pieces at shops.

Inventory:

Hand Weapons
 z - a +2 war axe of venom (weapon)
Missiles
 f - 49 stones (quivered)
 q - a boomerang
 v - 2 poisoned darts
 B - a curare-tipped dart
Armour
 c - a +0 buckler (worn)
 y - a +0 chain mail (worn)
 C - a +0 pair of gloves (worn)
Jewellery
 b - a +6 ring of strength (left hand)
 o - a ring of positive energy
 F - a ring of resist corrosion (right hand)
 J - a ring of willpower
Wands
 G - a wand of charming (3)
 I - a wand of flame (6)
Scrolls
 a - a scroll of butterflies
 e - 4 scrolls of vulnerability {unknown}
 i - 6 scrolls of identify
 m - a scroll of blinking {unknown}
 p - 4 scrolls of teleportation {unknown}
 r - 2 scrolls of magic mapping
 s - a scroll of amnesia {unknown}
 t - a scroll of fog {unknown}
 w - 2 scrolls of fear {unknown}
 A - a scroll of brand weapon {unknown}
 D - a scroll of noise {unknown}
 K - a scroll of enchant weapon {unknown}
Potions
 d - 2 potions of might
 g - 2 potions of curing
 h - 2 potions of resistance
 j - 2 potions of attraction {unknown}
 k - a potion of ambrosia {unknown}
 l - a potion of flight {unknown}
 n - 2 potions of berserk rage {unknown}
 u - 2 potions of brilliance {unknown}
 x - 2 potions of heal wounds
 E - 2 potions of mutation {unknown}
 H - a potion of lignification {unknown}


   Skills:
 + Level 8.6 Fighting
 * Level 10.5 Axes
 + Level 6.3 Armour
 - Level 4.0 Shields
 - Level 3.3 Invocations


You had 9 spell levels left.
You didn't know any spells.
Your spell library contained the following spells:

 Spells                   Type           Power      Damage    Failure   Level
 Cigotuvi's Dreadful Rot  Necr/Pois/Air  0%         N/A       95%         2
 Dispel Undead            Necr           0%         3d6       100%        4
 Death Channel            Necr           0%         N/A       100%        6


Dungeon Overview and Level Annotations

Branches:
Dungeon (8/15)             Temple (1/1) D:4            Lair (0/5) D:8

Altars:
Ashenzari
Cheibriados
Dithmenos
Elyvilon
Fedhas
Gozag
Hepliaklqana
Kikubaaqudgha
Makhleb
Nemelex Xobeh
Okawaru
Qazlal
Ru
Sif Muna
Trog
Uskayaw
Vehumet
Wu Jian
Xom
Yredelemnul
Zin
The Shining One

Shops:
D:5 !   D:7 =[


Innate Abilities, Weirdness & Mutations

You cannot be hasted, slowed, berserked, paralysed or teleported.
You can dig through walls and to a lower floor.
You have a pair of large antennae on your head. (SInv)
Your four strong arms can wield two-handed weapons with a shield.


Message History

The wight is severely damaged.
The wight hits you but does no damage.
You slash the wight!
You destroy the wight!
Qazlal accepts your kill.
Your life force feels restored.
An orc priest comes into view. It is wielding a +0 dagger.
The orc priest shouts!
A steam dragon comes into view.
An orc comes into view. It is wielding a +0 short sword.
An orc priest comes into view. It is wielding a +0 flail.
The orc priest shouts!
The steam dragon hisses angrily.
You hear a shout! x2
An orc priest comes into view. It is wielding a +0 whip.
The steam dragon breathes steam at you. The ball of steam hits you!
You slash the steam dragon!
The steam dragon is heavily wounded.
The steam dragon breathes steam at you. The ball of steam hits you!
You hit the steam dragon but do no damage.
The steam dragon is poisoned.
The steam dragon is heavily wounded.
The steam dragon misses you. You block the steam dragon's attack.
You hit the steam dragon but do no damage.
The steam dragon looks even sicker.
The steam dragon is heavily wounded.
The orc priest invokes the aid of Beogh against you.
Beogh smites you!
* * * LOW HITPOINT WARNING * * *
The steam dragon bites you but does no damage.
You block the steam dragon's attack.
You closely miss the steam dragon.
The steam dragon is heavily wounded.
The steam dragon closely misses you. You block the steam dragon's attack.
You closely miss the steam dragon.
The steam dragon is severely wounded.
The orc priest looks braver for a moment.
The steam dragon breathes steam at you. The ball of steam hits you!
You die...

### ####.## *** #####..>..# **,**
#####.##......## **,,,*
#..#...###.oDoo# ***,,,,** *
####......##.)@#§.###.#..,,,***
###..#....###§...#.{§.oo.o.,,,,*,
#.#......###...§.##§§.{o...,,**,,
#........###)#=.###........,,***,
........###.)#...###..#....,,,,,,
.#'#.....#........#,.##,...,,,,,,
##.##.................,,,..,,,,,,
#...##...............##,,,.,,,,,,
.....##........#....##*#..,**,...


You could see a steam dragon (very poisoned, catching breath), 2 orc priests and
an orc.

Vanquished Creatures
  A hornet (D:8)
  A vampire (D:8)
  A wyvern (D:7)
  A steam dragon (D:7)
  A water moccasin (D:3)
  3 ice beasts
  3 black bears
  2 ogres
  A centaur (D:7)
  4 phantoms
  A kobold brigand (D:6)
  A bullfrog (D:6)
  4 scorpions
  9 wights
  5 killer bees (D:6)
  A gnoll bouda (D:6)
  2 hounds
  A jelly (D:4)
  2 orc priests
  A sleepcap (D:4)
  2 iguanas
  2 orc wizards
  Robin (D:3)
  6 gnolls
  5 adders
  An ufetubus (D:6)
  3 worms
  3 dart slugs
  17 orcs
  3 endoplasms
  3 giant cockroaches
  15 goblins
  6 hobgoblins
  4 jackals (D:2)
  3 quokkas
  10 ball pythons
  3 bats
  2 frilled lizards
  8 kobolds
  9 rats
151 creatures vanquished.

Notes
Turn   | Place    | Note
-------+----------+-------------------------------------------
     0 | D:1      | Farfigtubin the Formicid Fighter began the quest for the
                  | Orb.
     0 | D:1      | Reached XP level 1. HP: 18/18 MP: 1/1
   174 | D:1      | Reached XP level 2. HP: 22/24 MP: 2/2
   725 | D:2      | Reached XP level 3. HP: 23/29 MP: 3/3
   789 | D:2      | Reached skill level 3 in Axes
   845 | D:2      | Found an ornate altar of the Wu Jian Council.
  1045 | D:2      | Reached XP level 4. HP: 37/37 MP: 4/4
  1404 | D:2      | Found a faded altar of an unknown god.
  1618 | D:3      | Noticed a water moccasin
  1629 | D:3      | Killed a water moccasin
  1630 | D:3      | Reached skill level 4 in Axes
  1630 | D:3      | Reached XP level 5. HP: 13/43 MP: 5/5
  1630 | D:3      | Reached XP level 6. HP: 15/49 MP: 6/6
  1872 | D:3      | Reached skill level 5 in Axes
  1947 | D:3      | Reached skill level 5 in Fighting
  1983 | D:3      | Noticed Robin
  2245 | D:3      | Killed Robin
  2315 | D:3      | Found a bloodstained altar of Trog.
  2332 | D:3      | Found a white marble altar of Elyvilon.
  2469 | D:3      | Found a broken altar of Ashenzari.
  3048 | D:4      | Found a staircase to the Ecumenical Temple.
  3057 | Temple   | Entered the Ecumenical Temple
  3095 | Temple   | Became a worshipper of Qazlal Stormbringer
  3145 | D:4      | Reached skill level 6 in Axes
  3145 | D:4      | Reached XP level 7. HP: 46/56 MP: 7/7
  3851 | D:5      | Entered Level 5 of the Dungeon
  3913 | D:5      | Reached skill level 1 in Invocations
  4010 | D:5      | Found Akloe's Distillery.
  4018 | D:5      | Bought a potion of resistance for 140 gold pieces
  4018 | D:5      | Bought a potion of heal wounds for 70 gold pieces
  4049 | D:5      | Reached XP level 8. HP: 31/64 MP: 7/9
  4298 | D:5      | You fall into a shaft and drop 3 floors!
  4319 | D:7      | Found a snail-covered altar of Cheibriados.
  4319 | D:7      | Found a radiant altar of Vehumet.
  4319 | D:7      | Found a shimmering altar of Xom.
  4342 | D:7      | Reached skill level 7 in Axes
  4989 | D:6      | Reached skill level 8 in Axes
  4994 | D:6      | Reached * piety under Qazlal
  5048 | D:6      | Reached XP level 9. HP: 45/71 MP: 11/11
  5547 | D:6      | Reached skill level 9 in Axes
  5726 | D:6      | Reached skill level 5 in Armour
  6198 | D:7      | Reached ** piety under Qazlal
  6511 | D:7      | Found a glowing golden altar of the Shining One.
  6535 | D:7      | Found Muwn's Jewellery Shop.
  6944 | D:7      | Found Nitadd's Antique Armour Shop.
  7043 | D:8      | Reached skill level 10 in Axes
  7043 | D:8      | Reached XP level 10. HP: 80/80 MP: 12/12
  7231 | D:8      | Found a blossoming altar of Fedhas.
  7333 | D:8      | Killed from afar by a steam dragon

Illustrated notes

Levels and vault maps discovered:
D:1:      dpeg_arrival_court, layout_loops_ring,
          amcnicky_mini_rare_corridor_liquid, hangedman_decor_push,
          minmay_domino_2
D:2:      layout_loops_ring, basic_ecumenical_altar, basic_altar,
          kennysheep_generic_room_13
D:3:      minmay_evil_eye, layout_rooms, nicolae_ashenzari_skybound,
          mainiacjoe_overflow_catch_the_wave, uniq_robin
D:4:      layout_basic, minmay_temple_entry_tees
D:5:      layout_gridville, serial_shops, shop
D:6:      layout_loops_ring, minmay_circle_x
D:7:      layout_loops_corners, nicolae_overflow_quartered_altars, serial_shops,
          nicolae_shop_pleasant_corner_grove, minmay_shop_grid_forest
D:8:      layout_cave_pools, fedhas_altar_1, erik_lair_dragon,
          grunt_decor_one_mirror, nzn_life_drinkers
Temple:   compressed_dpeg_circular_temple

Skill      XL: |  1  2  3  4  5  6  7  8  9 10 |
---------------+-------------------------------+-----
Axes           | 3 4 6 8 10 | 10.5
Fighting       | 4 5 6 8 |  8.6
Invocations    | 1 3 |  3.3
Armour         | 5 6 |  6.3
Shields        | |  4.0

Action                     |  1- 3 |  4- 6 |  7- 9 | 10-12 || total
---------------------------+-------+-------+-------+-------++-------
  Melee: War axe           |    75 |   183 |   176 |    32 ||   466
  Throw: Stone             |       |     4 |    27 |       ||    31
         Dart              |       |       |    10 |       ||    10
Ability: Dig               |       |     1 |       |       ||     1
    Use: Scroll            |       |     4 |     2 |       ||     6
         Potion            |       |       |     1 |       ||     1
 Armour: Scale mail        |    34 |    68 |    19 |       ||   121
         Chain mail        |       |       |    47 |    10 ||    57
  Dodge: Dodged            |    35 |    78 |    61 |     5 ||   179
  Block: Buckler           |    11 |    44 |    52 |     7 ||   114
